 Dungeon Crawl Stone Soup version 0.23.0 (webtiles) character file.

Game seed: 17980220983282816314

5871 DrChives the Geomancer (level 10, -2/81 HPs)
             Began as a Gargoyle Earth Elementalist on Feb 18, 2019.
             Was an Elder of Sif Muna.
             Slain by a freezing wraith (12 damage)
             ... on level 9 of the Dungeon.
             The game lasted 00:59:06 (8836 turns).

DrChives the Geomancer (GrEE)                       Turns: 8836, Time: 00:59:07

Health: -2/81      AC: 30    Str: 13    XL:     10   Next: 81%
Magic:  1/21       EV:  2    Int: 18    God:    Sif Muna [****..]
Gold:   70         SH:  4    Dex: 10    Spells: 6/24 levels left

rFire    . . .     SeeInvis .   l - +8 flail (drain)
rCold    . . .     Gourm    .   (no shield)
rNeg     + + +     Faith    .   (armour currently unavailable)
rPois    ∞         Spirit   .   (helmet currently unavailable)
rElec    .         Reflect  +   (cloak currently unavailable)
rCorr    .         Harm     .   (gloves currently unavailable)
MR       .....     NoTele   +   (boots currently unavailable)
Stlth    ++........             f - +4 amulet of reflection
HPRegen  0.63/turn              o - ring of wizardry
MPRegen  0.17/turn              (no ring)

@: icy armour, tree-form, very slightly contaminated, slowed, invisible, no
casting, very slow
A: negative energy resistance 1, regeneration 1, petrification resistance, rot
immunity, AC +7
a: Stop Divine Energy, Channel Magic, Forget Spell, Renounce Religion


You were on level 9 of the Dungeon.
You worshipped Sif Muna.
Sif Muna was greatly pleased with you.
You were not hungry.
You were a tree.
You visited 2 branches of the dungeon, and saw 10 of its levels.
You also visited: Ossuary.

You collected 370 gold pieces.
You spent 300 gold pieces at shops.

Inventory:

Hand Weapons
 e - a +0 club
 l - a +8 flail of draining (weapon)
Armour
 a - a +1 robe (melded)
 c - a +0 robe
 i - a +0 pair of gloves (melded)
 w - a +0 plate armour
Magical Staves
 p - an uncursed staff of earth
Jewellery
 f - a +4 amulet of reflection (around neck)
 o - a ring of wizardry (left branch)
 y - an uncursed ring of flight {unknown}
Wands
 m - a wand of flame (27)
 s - a wand of acid (21)
Scrolls
 j - 4 scrolls of amnesia
 n - 2 scrolls of immolation
 x - a scroll of remove curse
Potions
 g - 2 potions of haste
 q - 3 potions of lignification
 t - 3 potions of agility
 u - a potion of invisibility
 v - a potion of flight {unknown}
 z - a potion of resistance {unknown}
Comestibles
 d - 2 rations


   Skills:
 - Level 2.4 Fighting
 - Level 4.2(4.3) Maces & Flails
 + Level 1.3(3.0) Staves
 - Level 1.8 Dodging
 - Level 2.3 Stealth
 + Level 0.2 Unarmed Combat
 + Level 7.6 Spellcasting
 * Level 7.6 Conjurations
 * Level 5.1 Transmutations
 + Level 9.1 Earth Magic
 * Level 3.9 Evocations


You had 6 spell levels left.
You knew the following spells:

 Your Spells              Type           Power        Failure   Level  Hunger
a - Sandblast             Erth           #####.       1%          1    None
b - Passwall              Tmut/Erth      ####....     1%          2    None
c - Stone Arrow           Conj/Erth      #####.       1%          3    #......
d - Petrify               Tmut/Erth      ####....     2%          4    ###....
e - Lee's Rapid Deconstr  Erth           #####.....   2%          5    #####..
f - Ozocubu's Armour      Chrm/Ice       #.......     12%         3    #......

Your spell library contained the following spells:

 Spells                   Type           Power        Failure   Level  Hunger
 Throw Frost              Conj/Ice       ###...       1%          2    None
 Freeze                   Ice            #...         4%          1    None
 Throw Icicle             Conj/Ice       ###.....     9%          4    ###....
 Summon Ice Beast         Ice/Summ       #.......     36%         4    ###....


Dungeon Overview and Level Annotations

Branches:
Dungeon (9/15)             Temple (1/1) D:4
   Lair: D:8-11         Orc: D:9-12

Altars:
Ashenzari
Dithmenos
Gozag
Makhleb
Nemelex Xobeh
Sif Muna
Trog
Yredelemnul

Shops:
D:7 *[?=   D:8 *

Annotations:
D:4 3 runed translucent doors, Aeroq's ghost, amateur TeAE
D:7 4 runed translucent doors
D:9 Smashy's ghost, novice HOGl


Innate Abilities, Weirdness & Mutations

You are resistant to torment.
((Your stone body is resilient. (AC +7)))
You are immune to poison.
You resist negative energy. (rN+)
((You are resistant to electric shocks. (rElec)))
((You can survive without breathing.))
You are immune to petrification.
You are immune to rotting.
((You have a pair of small horns on your head.))
((You are partially covered in molten scales. (AC +2)))
Your natural rate of healing is unusually fast.


Message History

Confirm with . or Enter, or press ? or * to list all spells.
A film of ice covers your body! Sif Muna grants you divine energy.
You briefly lose access to your magic!
The freezing wraith misses you.
The freezing wraith hits you but does no damage.
You closely miss the freezing wraith.
You headbutt the freezing wraith, but do no damage.
The freezing wraith hits you but does no damage. x2
The freezing wraith hits you. The freezing wraith freezes you!
* * * LOW HITPOINT WARNING * * *
The freezing wraith barely misses you.
You turn into a tree.
Your +0 pair of gloves melds into your body.
Your +1 robe melds into your body.
Your roots penetrate the ground.
The freezing wraith hits you but does no damage. x2
The freezing wraith hits you but does no damage. x2
The freezing wraith hits you.
* * * LOW HITPOINT WARNING * * *
The freezing wraith freezes you!
You die...

####### ###########.....##.
#...).............. #..
#.................$ #..
#))................ #..
#.........W♣....... #..
#....##............ #..
####'################# #..
#...Q##########......#####..
#...○##.......#... ..#......
#....##.......#.# #.#......
#...W##.........## #.#......
#....##..........###.#......
.'....##....y'###...#.#..(...


You could see a freezing wraith.

Vanquished Creatures
  A two-headed ogre (D:6)
  A tengu conjurer (D:9)
  A troll (D:9)
  Grinder (D:6)
  A hippogriff (D:7)
  Eustachio (D:4)
  A hungry ghost (D:8)
  Edmund (D:4)
  An acid dragon (D:9)
  A porcupine (D:8)
  An ice beast (D:7)
  An orc warrior (D:7)
  3 sky beasts
  2 black bears (D:8)
  A phantom (D:5)
  2 ogres (D:7)
  2 necrophages
  A wolf (D:7)
  3 centaurs
  A big kobold (D:9)
  8 bullfrogs
  2 gnoll sergeants (D:8)
  Blork the orc (D:4)
  2 water moccasin zombies (Ossuary)
  2 scorpions
  5 wights (D:7)
  2 crimson imps
  A centaur zombie (D:7)
  A centaur skeleton (D:7)
  8 hounds
  A quasit (D:3)
  An orc priest (D:8)
  Terence (D:3)
  6 orc wizards
  4 worker ants
  A big kobold zombie (Ossuary)
  2 mummies (Ossuary)
  A worker ant zombie (D:5)
  13 gnolls
  13 adders
  3 shadow imps
  6 adder zombies
  An ooze (D:1)
  An adder skeleton (D:4)
  5 worms
  8 leopard geckos
  24 orcs
  2 ball pythons
  9 bats
  11 giant cockroaches
  6 gnoll zombies (Ossuary)
  9 hobgoblins
  2 jackals (D:8)
  2 quokkas
  12 frilled lizards
  9 goblins
  7 hobgoblin zombies (Ossuary)
  9 kobolds
  3 kobold zombies (Ossuary)
  2 orc zombies (Ossuary)
  2 quokka skeletons
  10 rats
245 creatures vanquished.

Vanquished Creatures (others)
  A vampire mosquito (D:9)
1 creature vanquished.

Grand Total: 246 creatures vanquished

Notes
Turn   | Place    | Note
-------+----------+-------------------------------------------
     0 | D:1      | DrChives the Gargoyle Earth Elementalist began the quest
                  | for the Orb.
     0 | D:1      | Reached XP level 1. HP: 10/10 MP: 3/3
   123 | D:1      | Reached skill level 4 in Earth Magic
   147 | D:1      | Reached XP level 2. HP: 14/15 MP: 3/5
   554 | D:1      | Reached XP level 3. HP: 18/19 MP: 6/6
  1357 | D:2      | Reached XP level 4. HP: 24/24 MP: 3/8
  1415 | D:2      | Learned a level 2 spell: Passwall
  1419 | D:2      | Learned a level 3 spell: Stone Arrow
  1438 | D:2      | Reached skill level 5 in Earth Magic
  1896 | D:2      | Found a basalt altar of Yredelemnul.
  2719 | D:3      | Reached skill level 1 in Transmutations
  2719 | D:3      | Reached XP level 5. HP: 28/28 MP: 4/9
  2777 | D:3      | Noticed Terence
  2864 | D:3      | Killed Terence
  2993 | D:3      | Found a burning altar of Makhleb.
  3009 | D:3      | Reached skill level 1 in Conjurations
  3147 | D:3      | Reached XP level 6. HP: 16/33 MP: 0/11
  3594 | D:4      | Reached skill level 1 in Maces & Flails
  3612 | D:4      | Noticed Edmund
  3637 | D:4      | HP: 1/33 [Edmund/+4 flail of draining (4)]
  3655 | D:4      | Killed Edmund
  4016 | D:4      | Found an opulent altar of Gozag.
  4121 | D:4      | Found a staircase to the Ecumenical Temple.
  4131 | Temple   | Entered the Ecumenical Temple
  4138 | Temple   | Became a worshipper of Sif Muna the Loreminder
  4319 | D:4      | Found a runed translucent gate.
  4319 | D:4      | Found a runed translucent gate.
  4320 | D:4      | Found a runed translucent gate.
  4322 | D:4      | Noticed Aeroq's ghost (amateur TeAE)
  4422 | D:4      | Noticed Blork the orc
  4431 | D:4      | Killed Blork the orc
  4431 | D:4      | Reached skill level 6 in Earth Magic
  4431 | D:4      | Reached XP level 7. HP: 37/37 MP: 6/13
  4501 | D:4      | Noticed Eustachio
  4551 | D:4      | Killed Eustachio
  4746 | D:5      | Entered Level 5 of the Dungeon
  4807 | D:5      | Found a sand-covered staircase.
  4814 | Ossuary  | Entered an ossuary
  4878 | Ossuary  | Reached skill level 1 in Fighting
  4882 | Ossuary  | Reached * piety under Sif Muna
  5053 | D:5      | Reached skill level 5 in Spellcasting
  5053 | D:5      | Reached XP level 8. HP: 34/44 MP: 12/15
  5080 | D:5      | Found a shadowy altar of Dithmenos.
  5518 | D:6      | Reached ** piety under Sif Muna
  5562 | D:6      | Noticed Grinder
  5566 | D:6      | Paralysed by Grinder for 3 turns
  5574 | D:6      | Paralysed by Grinder for 4 turns
  5772 | D:6      | Killed Grinder
  5872 | D:6      | Noticed a two-headed ogre
  5878 | D:6      | Killed a two-headed ogre
  5878 | D:6      | Reached skill level 5 in Conjurations
  5878 | D:6      | Reached skill level 7 in Earth Magic
  5878 | D:6      | Reached skill level 1 in Evocations
  5878 | D:6      | Reached XP level 9. HP: 20/49 MP: 0/17
  5921 | D:6      | Learned a level 4 spell: Petrify
  6595 | D:7      | Found Uhusihoo's Jewellery Shoppe.
  6622 | D:7      | Bought an uncursed ring of wizardry for 300 gold pieces
  6636 | D:7      | Learned a level 5 spell: Lee's Rapid Deconstruction
  6651 | D:7      | Reached *** piety under Sif Muna
  6687 | D:7      | Found the +9 staff of Olgreb {rPois}
  6714 | D:7      | Found a runed translucent door.
  6859 | D:7      | Found a runed translucent gate.
  6862 | D:7      | Found a runed translucent gate.
  6862 | D:7      | Found a runed translucent gate.
  6900 | D:7      | Reached skill level 8 in Earth Magic
  6906 | D:7      | Reached XP level 10. HP: 54/54 MP: 13/19
  6924 | D:7      | Found Kowarru's Antique Armour Shoppe.
  7123 | D:7      | Found Pipuxet's Magic Scroll Shoppe.
  7179 | D:7      | Found Baaqaz's General Store.
  7311 | D:7      | Learned a level 3 spell: Ozocubu's Armour
  7390 | D:8      | Reached **** piety under Sif Muna
  7651 | D:8      | Found Siof Sic's Island Escapes.
  7844 | D:8      | Found a shattered altar of Ashenzari.
  8054 | D:8      | Reached skill level 1 in Staves
  8444 | D:8      | Reached skill level 9 in Earth Magic
  8563 | D:9      | Reached skill level 5 in Transmutations
  8565 | D:9      | Noticed Smashy's ghost (novice HOGl)
  8566 | D:9      | Noticed a moth of wrath
  8568 | D:9      | Found a bloodstained altar of Trog.
  8568 | D:9      | Noticed a cyclops
  8746 | D:9      | Gained mutation: You have a pair of small horns on your
                  | head. [potion of mutation]
  8746 | D:9      | Gained mutation: You are partially covered in molten
                  | scales. (AC +2) [potion of mutation]
  8746 | D:9      | Gained mutation: Your natural rate of healing is unusually
                  | fast. [potion of mutation]
  8836 | D:9      | Slain by a freezing wraith

Skill      XL: |  1  2  3  4  5  6  7  8  9 10 |
---------------+-------------------------------+-----
Earth Magic    | 4 5 6 7 8 9 |  9.1
Spellcasting   | 3 4 5 6 7 |  7.6
Transmutations | 1 2 3 4 5 |  5.1
Conjurations   | 1 2 5 6 7 |  7.6
Maces & Flails | 1 2 4 |  4.2
Fighting       | 1 2 |  2.4
Evocations     | 1 2 3 |  3.9
Staves         | 1 |  1.3
Dodging        | |  1.8
Stealth        | |  2.3
Unarmed Combat | |  0.2

Action                   |  1- 3 |  4- 6 |  7- 9 | 10-12 || total
-------------------------+-------+-------+-------+-------++-------
Melee: Unarmed           |     9 |       |       |       ||     9
       Club              |    46 |   107 |       |       ||   153
       Flail             |       |     3 |   143 |    12 ||   158
       Staff             |       |       |    15 |    79 ||    94
       Headbutt          |       |       |       |     2 ||     2
 Cast: Sandblast         |    43 |    89 |    48 |    39 ||   219
       Stone Arrow       |       |     9 |    54 |    72 ||   135
       Ozocubu's Armour  |       |       |       |     4 ||     4
Invok: Divine Energy     |       |       |       |     2 ||     2
       Stop Divine Energ |       |       |       |     1 ||     1
  Use: Scroll            |     3 |     2 |    11 |     9 ||    25
       Potion            |       |     1 |     1 |    10 ||    12
 Stab: Invisible         |       |       |       |     1 ||     1
       Sleeping          |       |       |       |     1 ||     1
  Eat: Ration            |     1 |     3 |     4 |     3 ||    11
Armor: Robe              |    19 |    69 |    65 |    92 ||   245
       Skin              |       |       |       |     4 ||     4
Dodge: Dodged            |    44 |   120 |    93 |   119 ||   376
Block: Other             |    17 |    42 |    33 |    37 ||   129
       Reflection        |     1 |     1 |       |     2 ||     4
